 Dungeon Crawl Stone Soup version 0.25-a0-474-ga8a2ee3166 (webtiles) character file.

Game seed: 1896303163512260748, levelgen mode: deterministic

13 funkygono the Ducker (level 2, 0/29 HPs)
             Began as a Troll Fighter on Feb 6, 2020.
             Slain by an ogre
             ... wielding a +0 giant spiked club
              (20 damage)
             ... on level 4 of the Dungeon.
             The game lasted 00:00:49 (129 turns).

funkygono the Ducker (Troll Fighter)                 Turns: 129, Time: 00:00:49

Health: 0/29       AC:  6    Str: 23    XL:     2   Next: 24%
Magic:  1/1        EV:  8    Int:  4    God:
Gold:   0          SH:  8    Dex:  9    Spells: 1/1 levels left

rFire    . . .     SeeInvis .   a - +0 flail
rCold    . . .     Gourm    +   c - +0 shield
rNeg     . . .     Faith    .   b - +0 robe
rPois    .         Spirit   .   (helmet restricted)
rElec    .         Reflect  .   (no cloak)
rCorr    .         Harm     .   (gloves unavailable)
MR       .....                  (boots unavailable)
Stlth    +.........             (no amulet)
HPRegen  0.49/turn              (no ring)
MPRegen  0.07/turn              (no ring)

@: no status effects
A: large, unfitting armour, claws 3, fast metabolism 3, gourmand, regeneration
1, shaggy fur 1, tough skin 3
a: no special abilities


You were on level 4 of the Dungeon.
You were not hungry.

You visited 1 branch of the dungeon, and saw 3 of its levels.

Inventory:

Hand Weapons
 a - a +0 flail (weapon)
Armour
 b - a +0 robe (worn)
 c - a +0 shield (worn)
Scrolls
 e - a scroll of random uselessness {unknown}
 g - a scroll of identify {unknown}
 h - a scroll of teleportation {unknown}
Potions
 d - a potion of might
Comestibles
 f - 3 rations


   Skills:
 + Level 2.5 Fighting
 + Level 1.9 Maces & Flails
 + Level 2.7 Dodging
 + Level 2.5 Shields


You had one spell level left.
You didn't know any spells.
Your spell library contained the following spells:

 Spells                   Type           Power        Failure   Level  Hunger
 Magic Dart               Conj           #...         92%         1    ##.....
 Blink                    Tloc           N/A          98%         2    ###....
 Call Imp                 Summ           #.......     98%         2    ###....
 Slow                     Hex            #.......     98%         2    ###....
 Conjure Flame            Conj/Fire      #.......     100%        3    ####...
 Mephitic Cloud           Conj/Pois/Air  #.......     100%        3    ####...


Dungeon Overview and Level Annotations

Branches:
Dungeon (2/15)

Altars:


Innate Abilities, Weirdness & Mutations

You are too large for most types of armour.
You have claws for hands.
Your metabolism is lightning-fast.
You like to eat raw meat.
Your natural rate of healing is unusually fast.
You are covered in fur. (AC +1)
You have extremely tough skin. (AC +3)


Message History

The ogre is moderately wounded.
The worker ant bites you but does no damage.
You block the leopard gecko's attack. You block the ogre's attack.
The worker ant bites you but does no damage.
You block the leopard gecko's attack.
Your shield prevents you from hitting the ogre.
The ogre is moderately wounded.
The adder bites you but does no damage.
The worker ant bites you but does no damage.
The sky beast flickers out of sight!
Deactivating autopickup; reactivate with Ctrl-A.
The leopard gecko barely misses you. The ogre barely misses you.
The ball python closely misses you. You block the adder's attack.
The worker ant bites you but does no damage.
You closely miss the leopard gecko. The leopard gecko barely misses you.
The adder bites you but does no damage. You block the jackal skeleton's attack.
You block the ball python's attack. The worker ant bites you.
The ogre hits you with a +0 giant spiked club!!
Ouch! That really hurt!
You die...

....## .....#
##.####### .....#
#........ .....#
#$...... ....##
#...... .....####
####.....
....Z...###.......#
.....##.##..?..SS.##
....##..#......O@..#
...#...........alZ.#
...................#
.....<.†.?.........#
...................#
..................##
..................#
...................#
...................#


You could see an ogre, a worker ant, an adder, a leopard gecko, a ball python
and a jackal skeleton.

Vanquished Creatures
  An adder (D:4)
  A worm (D:4)
2 creatures vanquished.

Notes
Turn   | Place    | Note
-------+----------+-------------------------------------------
     0 | D:1      | funkygono the Troll Fighter began the quest for the Orb.
     0 | D:1      | Reached XP level 1. HP: 22/22 MP: 0/0
    86 | D:2      | You fall into a shaft and drop 2 floors!
    86 | D:4      | Noticed a sky beast
    91 | D:4      | Reached XP level 2. HP: 27/29 MP: 1/1
   121 | D:4      | Noticed an ogre
   129 | D:4      | Slain by an ogre

Levels and vault maps discovered:
D:1:      dpeg_arrival_line_fractal, layout_basic
D:2:      layout_loops_ring, hangedman_decor_slide_cut
D:4:      layout_rooms

Action                   || total
-------------------------++-------
Melee: Flail             ||    11
Armor: Robe              ||    29
Dodge: Dodged            ||    22
Block: Shield            ||    28

Table legend:
 A = Non-vault XP
 B = Vault XP
 C = Vault XP percentage of total XP
 D = Non-vault monster count
 E = Vault monster count
 F = Vault count percentage of total count
                 A         B        C        D         E       F
            +---------+---------+-------+---------+---------+-------
      Total |      19 |       0 |   0.0 |       2 |       0 |   0.0
            +---------+---------+-------+---------+---------+-------
        D:4 |      19 |       0 |   0.0 |       2 |       0 |   0.0
            +---------+---------+-------+---------+---------+-------
